Gangsters vs Sewer Rats
(R1)
Created - October 20, 2018 at 23:54
Goals
|
| Gangsters |
0 |
4 |
0 |
4 |
| Sewer Rats |
1 |
2 |
2 |
5 |
|
Shots
|
| Gangsters |
10 |
14 |
10 |
34 |
| Sewer Rats |
5 |
10 |
11 |
26 |
|
1st period
1. Sewer Rats , Dmitrij Jaskin 2 (Will Butcher 1) at 13:37
Penalties :
Dmitrij Jaskin (Tol) for Hooking (Minor) at 4:58
2nd period
2. Sewer Rats , Daniel Carr 1 (Jonathan Huberdeau 3, Martin Frk 2) at 0:08
3. Gangsters , Devante Smith-Pelly 1 (Alexander Wennberg 2, Morgan Ellis 3) at 2:34 (PP)
4. Gangsters , Dave Dziurzynski 2 (Derrick Pouliot 1, Richard Panik 1) at 5:03
5. Gangsters , Patrik Nemeth 1 (Dave Dziurzynski 6) at 11:21 (PP)
6. Gangsters , David Pope 2 (Derrick Pouliot 2, Tomas Hertl 1) at 12:56
7. Sewer Rats , Nicholas Baptiste 1 (Ryan Murphy 1, Anthony Duclair 1) at 15:27
Penalties :
Jonathan Huberdeau (Tol) for Hooking (Minor) at 0:38, Morgan Ellis (Bro) for Hooking (Minor) at 8:55, Anthony Duclair (Tol) for High sticking (Minor) at 11:06, Matt Delahey (Bro) for Kneeing (Minor) at 13:12, Patrik Nemeth (Bro) for Roughing (Minor) at 16:55
3rd period
8. Sewer Rats , Dmitrij Jaskin 3 (William Karlsson 2, Matt Lashoff 3) at 0:16
9. Sewer Rats , Mark Mancari 2 (Vincent Trocheck 5, Ville Leino 5) at 4:25 (PP)
Penalties :
Richard Panik (Bro) for Boarding (Minor) at 0:21, Morgan Ellis (Bro) for Hooking (Minor) at 3:59, Brett Ponich (Bro) for High sticking (Minor) at 8:38, Jarred Tinordi (Tol) for Hooking (Minor) at 15:13
Goalie Stats
Dustin Tokarski (Bro), 21 saves from 26 shots - (0.808), L, 1-3-0, 58:45 minutes
Marek Mazanek (Tol), 30 saves from 34 shots - (0.882), W, 3-0-1, 60:00 minutes
Players Stats for Gangsters
Player Name G A P +/- PIM S H SB GA TA FO MP PP MP PK MP
------------------------------------------------------------------------------------
Alexander Wennberg 0 1 1 -2 0 0 0 0 1 1 14/32 18:54 3:38 0:00
Brett Ponich 0 0 0 -1 2 0 4 0 2 0 0/0 18:51 2:37 3:51
Dave Dziurzynski 1 1 2 -2 0 3 4 0 0 2 0/3 22:31 3:38 2:10
David Pope 1 0 1 1 0 3 1 0 0 0 2/2 16:38 2:27 1:08
Derrick Pouliot 0 2 2 2 0 4 0 1 0 0 0/0 15:49 0:00 4:08
Devante Smith-Pelly 1 0 1 1 0 5 2 0 1 1 0/0 15:21 2:27 0:00
Jonas Brodin 0 0 0 2 0 0 0 0 1 0 0/0 11:29 0:00 0:16
Kevin Roy 0 0 0 0 0 0 0 0 0 0 0/0 1:51 0:04 0:00
Matt Delahey 0 0 0 -4 2 1 2 1 2 0 0/0 28:11 3:32 4:31
Maxime Sauvé 0 0 0 0 0 3 2 2 0 1 7/10 19:00 0:00 5:40
Morgan Ellis 0 1 1 0 4 2 0 1 0 0 0/0 18:39 2:37 3:30
Patrik Nemeth 1 0 1 -4 2 3 3 1 0 0 0/0 28:15 3:32 4:26
Phillip Danault 0 0 0 -1 0 0 2 0 0 0 0/0 10:28 0:04 2:19
Richard Panik 0 1 1 -2 2 3 4 1 0 0 1/2 24:35 3:38 3:55
Sebastian Collberg 0 0 0 0 0 0 0 0 0 0 0/0 5:02 0:00 0:00
Seth Griffith 0 0 0 0 0 1 1 0 0 0 1/2 5:02 0:00 0:00
Stefan Noesen 0 0 0 -1 0 3 1 0 1 0 0/1 10:09 0:04 2:00
Tomas Hertl 0 1 1 1 0 3 2 1 0 0 8/12 18:48 2:27 3:30
Players Stats for Sewer Rats
Player Name G A P +/- PIM S H SB GA TA FO MP PP MP PK MP
------------------------------------------------------------------------------------
Anthony Duclair 0 1 1 1 2 2 1 0 0 1 0/0 9:59 0:13 0:00
Daniel Carr 1 0 1 3 0 1 0 0 1 0 9/16 18:56 4:06 0:05
Dmitrij Jaskin 2 0 2 2 2 3 3 0 1 0 0/0 11:06 0:54 1:22
Jarred Tinordi 0 0 0 0 2 3 0 1 0 3 0/0 19:18 4:20 1:35
John Ramage 0 0 0 -1 0 0 0 0 0 1 0/0 9:25 0:00 0:38
Jonathan Huberdeau 0 1 1 -1 2 4 1 0 1 0 0/0 19:08 4:46 1:22
Jonathan Marchessault 0 0 0 0 0 0 0 0 0 0 3/7 3:42 0:00 0:00
Mark Mancari 1 0 1 0 0 1 4 1 0 0 1/2 20:21 4:41 3:32
Martin Frk 0 1 1 -1 0 1 0 1 0 0 0/1 16:10 4:46 0:00
Matt Lashoff 0 1 1 2 0 2 0 0 0 0 0/0 20:30 0:00 3:56
Mattias Ekholm 0 0 0 2 0 2 1 1 0 1 0/0 27:05 6:01 3:56
Nicholas Baptiste 1 0 1 1 0 2 0 0 0 0 0/0 9:33 0:00 0:00
Nick Cousins 0 0 0 1 0 1 1 0 0 0 3/6 9:33 0:00 0:00
Ryan Murphy 0 1 1 1 0 0 0 0 0 1 0/0 5:48 0:00 0:00
Steven Kampfer 0 0 0 0 0 0 1 1 0 0 0/0 18:36 4:20 2:13
Ville Leino 0 1 1 0 0 2 2 0 2 0 2/7 20:31 4:41 3:42
Vincent Trocheck 0 1 1 -2 0 1 1 0 0 0 8/17 20:36 4:50 2:10
Will Butcher 0 1 1 -1 0 0 0 0 0 1 0/0 15:06 6:01 0:00
William Karlsson 0 1 1 2 0 1 0 0 0 0 5/8 12:36 2:06 0:05
Xavier Ouellet 0 0 0 1 0 0 0 0 0 0 0/0 5:48 0:00 0:00
3 Stars
1 - Dmitrij Jaskin (Tol)
2 - Daniel Carr (Tol)
3 - Mark Mancari (Tol)
Power Play
Gangsters - 2 on 4 Attempt(s) - 50.00%
Sewer Rats - 1 on 6 Attempt(s) - 16.67%
Penalty Kill
Gangsters - 5 on 6 Attempt(s) - 83.33%
- Score 0 goal in Penalty Kill
Sewer Rats - 2 on 4 Attempt(s) - 50.00%
- Score 0 goal in Penalty Kill
Team Stat
Gangsters - Hits : 28 - Faceoff Wins : 33 - Blocked Shots : 8 - Penalty Minutes : 12
Sewer Rats - Hits : 15 - Faceoff Wins : 31 - Blocked Shots : 5 - Penalty Minutes : 8
Official
Referees : Unknown
Linesman : Unknown
Game Notes
Jonathan Marchessault is injured at 16:52 of 1st period (Sprained Right Knee)
Finance
Level 1 -- Attendance: 1461 (73.05%) -- Ticket Income $51,135
Level 2 -- Attendance: 754 (75.40%) -- Ticket Income $12,818
Total Attendance: 2215 (73.83%)
Total Ticket Income: $63,953
Other Income: $3,198
Total Income: $67,151
Gangsters
5 vs 5 Forward
Center Left Wing Right Wing Time % Phy DF OF
1 Alexander Wennberg Dave Dziurzynski Richard Panik 40 1 2 2
2 Tomas Hertl David Pope Devante Smith-Pelly 30 1 2 2
3 Maxime Sauvé Phillip Danault Stefan Noesen 20 1 2 2
4 Seth Griffith Maxime Sauvé Sebastian Collberg 10 1 2 2
5 vs 5 Defense
Defense Defense Time % Phy DF OF
1 Patrik Nemeth Matt Delahey 40 1 2 2
2 Morgan Ellis Brett Ponich 30 1 2 2
3 Jonas Brodin Derrick Pouliot 20 1 2 2
4 Patrik Nemeth Matt Delahey 10 1 2 2
PowerPlay Forward
Center Left Wing Right Wing Time % Phy DF OF
1 Alexander Wennberg Dave Dziurzynski Richard Panik 60 1 2 2
2 Tomas Hertl David Pope Devante Smith-Pelly 40 1 2 2
PowerPlay Defense
Defense Defense Time % Phy DF OF
1 Patrik Nemeth Matt Delahey 60 1 2 2
2 Morgan Ellis Brett Ponich 40 1 2 2
Penalty Kill 4 Players Forward
Center Wing Time % Phy DF OF
1 Maxime Sauvé Richard Panik 60 1 2 2
2 Tomas Hertl Dave Dziurzynski 40 1 2 2
Penalty Kill 4 Players Defense
Defense Defense Time % Phy DF OF
1 Patrik Nemeth Matt Delahey 60 1 2 2
2 Morgan Ellis Brett Ponich 40 1 2 2
Penalty Kill - 3 Players Forward
Forward Time % Phy DF OF
1 Maxime Sauvé 60 1 2 2
2 Richard Panik 40 1 2 2
Penalty Kill - 3 Players Defense
Defense Defense Time % Phy DF OF
1 Patrik Nemeth Matt Delahey 60 1 2 2
2 Morgan Ellis Brett Ponich 40 1 2 2
4 vs 4 Forward
Center Wing Time % Phy DF OF
1 Alexander Wennberg Richard Panik 60 1 2 2
2 Tomas Hertl Dave Dziurzynski 40 1 2 2
4 vs 4 Defense
Defense Defense Time % Phy DF OF
1 Patrik Nemeth Matt Delahey 60 1 2 2
2 Morgan Ellis Brett Ponich 40 1 2 2
Last Minutes Offensive
Center Left Wing Right Wing Defense Defense
Maxime Sauvé Dave Dziurzynski Richard Panik Patrik Nemeth Matt Delahey
Last Minutes Defensive
Center Left Wing Right Wing Defense Defense
Maxime Sauvé Dave Dziurzynski Richard Panik Patrik Nemeth Matt Delahey
Goaltenders
Starting : Dustin Tokarski
Backup : Mike Condon
Extra Forwards
Normal : Kevin Roy, Alexander Wennberg, Stefan Noesen - PP : Kevin Roy, Alexander Wennberg - PK : Stefan Noesen
Extra Defensemen
Normal : Jonas Brodin, Derrick Pouliot, Morgan Ellis - PP : Jonas Brodin - PK : Derrick Pouliot, Morgan Ellis
Penalty Shots
Maxime Sauvé, Richard Panik, Tomas Hertl, Dave Dziurzynski, Alexander Wennberg
Scratches
Jordan Subban (Healthy), Ryan Culkin (Healthy), Austen Brassard (Healthy), Steven Santini (Healthy), Jordan Binnington (Healthy)
Sewer Rats
5 vs 5 Forward
Center Left Wing Right Wing Time % Phy DF OF
1 Vincent Trocheck Ville Leino Mark Mancari 30 1 2 2
2 Jonathan Marchessault Jonathan Huberdeau Martin Frk 30 1 2 2
3 William Karlsson Daniel Carr Dmitrij Jaskin 25 1 2 2
4 Nick Cousins Anthony Duclair Nicholas Baptiste 15 1 2 2
5 vs 5 Defense
Defense Defense Time % Phy DF OF
1 Matt Lashoff Mattias Ekholm 40 1 2 2
2 Steven Kampfer Jarred Tinordi 30 1 2 2
3 Will Butcher John Ramage 20 1 2 2
4 Ryan Murphy Xavier Ouellet 10 1 2 2
PowerPlay Forward
Center Left Wing Right Wing Time % Phy DF OF
1 Vincent Trocheck Ville Leino Mark Mancari 60 1 2 2
2 Jonathan Marchessault Jonathan Huberdeau Martin Frk 40 1 2 2
PowerPlay Defense
Defense Defense Time % Phy DF OF
1 Will Butcher Mattias Ekholm 60 1 2 2
2 Steven Kampfer Jarred Tinordi 40 1 2 2
Penalty Kill 4 Players Forward
Center Wing Time % Phy DF OF
1 Ville Leino Mark Mancari 60 1 2 2
2 Jonathan Huberdeau Vincent Trocheck 40 1 2 2
Penalty Kill 4 Players Defense
Defense Defense Time % Phy DF OF
1 Matt Lashoff Mattias Ekholm 60 1 2 2
2 Steven Kampfer Jarred Tinordi 40 1 2 2
Penalty Kill - 3 Players Forward
Forward Time % Phy DF OF
1 Ville Leino 60 1 2 2
2 Mark Mancari 40 1 2 2
Penalty Kill - 3 Players Defense
Defense Defense Time % Phy DF OF
1 Matt Lashoff Mattias Ekholm 60 1 2 2
2 Steven Kampfer Jarred Tinordi 40 1 2 2
4 vs 4 Forward
Center Wing Time % Phy DF OF
1 Ville Leino Mark Mancari 60 1 2 2
2 Jonathan Huberdeau Vincent Trocheck 40 1 2 2
4 vs 4 Defense
Defense Defense Time % Phy DF OF
1 Matt Lashoff Mattias Ekholm 60 1 2 2
2 Steven Kampfer Jarred Tinordi 40 1 2 2
Last Minutes Offensive
Center Left Wing Right Wing Defense Defense
Vincent Trocheck Ville Leino Mark Mancari Matt Lashoff Mattias Ekholm
Last Minutes Defensive
Center Left Wing Right Wing Defense Defense
Vincent Trocheck Ville Leino Mark Mancari Matt Lashoff Mattias Ekholm
Goaltenders
Starting : Marek Mazanek
Backup : Sergei Kostenko
Extra Forwards
Normal : Daniel Carr, William Karlsson, Dmitrij Jaskin - PP : Daniel Carr, William Karlsson - PK : Dmitrij Jaskin
Extra Defensemen
Normal : Will Butcher, John Ramage, Ryan Murphy - PP : Will Butcher - PK : John Ramage, Ryan Murphy
Penalty Shots
Ville Leino, Mark Mancari, Jonathan Huberdeau, Vincent Trocheck, Jonathan Marchessault
Scratches
Dominik Kubalik (Healthy), Connor Carrick (Healthy), Joel Edmundson (Sprained Right Finger Injury), Josh Archibald (Healthy), Jonathan Racine (Healthy)
Joseph Blandisi (Healthy), Tyler Motte (Healthy), Chris Calhan (Healthy), Antoine Bibeau (Healthy)
% Time on Ice - Gangsters
Lines # - Real PCT - Wanted PCT - Time Play
Normal Forward
1 - 39% - 40% - 16:26
2 - 31% - 30% - 13:11
3 - 18% - 20% - 7:41
4 - 12% - 10% - 5:02
Normal Defense
1 - 44% - 40% - 18:30
2 - 29% - 30% - 12:17
3 - 23% - 20% - 9:54
4 - 4% - 10% - 1:39
PP Forward
1 - 60% - 60% - 3:42
2 - 40% - 40% - 2:27
PP Defense
1 - 57% - 60% - 3:32
2 - 43% - 40% - 2:37
PK Forward
1 - 79% - 60% - 8:11
2 - 21% - 40% - 2:10
PK Defense
1 - 53% - 60% - 5:32
2 - 47% - 40% - 4:49
PK3 Forward
1 - 0% - 60%
2 - 0% - 40%
PK3 Defense
1 - 0% - 60%
2 - 0% - 40%
44 Forward
1 - 0% - 60%
2 - 0% - 40%
44 Defense
1 - 0% - 60%
2 - 0% - 40%
Last Minute Offensive - 1:10
Last Minute Defensive - 0:00
Total
Forward - 60:00
Defense - 60:00
|
% Time on Ice - Sewer Rats
Lines # - Real PCT - Wanted PCT - Time Play
Normal Forward
1 - 26% - 30% - 11:09
2 - 32% - 30% - 13:23
3 - 19% - 25% - 8:15
4 - 23% - 15% - 9:33
Normal Defense
1 - 38% - 40% - 15:58
2 - 28% - 30% - 12:03
3 - 20% - 20% - 8:31
4 - 14% - 10% - 5:48
PP Forward
1 - 45% - 60% - 4:41
2 - 55% - 40% - 5:40
PP Defense
1 - 58% - 60% - 6:01
2 - 42% - 40% - 4:20
PK Forward
1 - 72% - 60% - 4:25
2 - 28% - 40% - 1:44
PK Defense
1 - 64% - 60% - 3:56
2 - 36% - 40% - 2:13
PK3 Forward
1 - 0% - 60%
2 - 0% - 40%
PK3 Defense
1 - 0% - 60%
2 - 0% - 40%
44 Forward
1 - 0% - 60%
2 - 0% - 40%
44 Defense
1 - 0% - 60%
2 - 0% - 40%
Last Minute Offensive - 0:00
Last Minute Defensive - 1:10
Total
Forward - 60:00
Defense - 60:00
|
Play by Play
1st period
0:01 of 1st period - Vincent Trocheck wins face-off versus Alexander Wennberg in neutral zone.
0:26 of 1st period - Patrik Nemeth is hit by Jonathan Huberdeau and loses puck.
0:35 of 1st period - Wrist shot by Devante Smith-Pelly.
0:35 of 1st period - Shot Misses the Net.
0:58 of 1st period - Stefan Noesen is hit by Dmitrij Jaskin and loses puck.
1:08 of 1st period - Icing by Morgan Ellis.
1:09 of 1st period - Nick Cousins wins face-off versus Maxime Sauvé in Gangsters zone.
1:39 of 1st period - Snap shot by Maxime Sauvé.
1:39 of 1st period - Shot Hit the Post.
1:41 of 1st period - Slapshot by Morgan Ellis.
1:41 of 1st period - Deflect By Stefan Noesen.
1:41 of 1st period - Stopped by Marek Mazanek with a rebound.
2:55 of 1st period - Slapshot by Maxime Sauvé.
2:55 of 1st period - Stopped by Marek Mazanek with a rebound.
3:03 of 1st period - Wrist shot by Maxime Sauvé.
3:03 of 1st period - Shot Hit the Post.
3:05 of 1st period - Wrist shot by Stefan Noesen.
3:05 of 1st period - Stopped by Marek Mazanek without a rebound.
3:06 of 1st period - Alexander Wennberg wins face-off versus Jonathan Marchessault in Sewer Rats zone.
4:45 of 1st period - Daniel Carr is hit by Matt Delahey and loses puck.
4:58 of 1st period - Minor Penalty to Dmitrij Jaskin for Hooking.
4:59 of 1st period - Alexander Wennberg wins face-off versus Ville Leino in Sewer Rats zone.
5:12 of 1st period - Wrist shot by Richard Panik.
5:12 of 1st period - Shot Blocked by Mark Mancari.
5:33 of 1st period - Mattias Ekholm is hit by Devante Smith-Pelly.
6:58 of 1st period - Penalty to Dmitrij Jaskin is over, Dmitrij Jaskin is back on ice.
7:24 of 1st period - Snap shot by Nicholas Baptiste.
7:24 of 1st period - Shot Misses the Net.
8:55 of 1st period - Maxime Sauvé is hit by Mattias Ekholm and loses puck.
9:00 of 1st period - Snap shot by Jonathan Huberdeau.
9:00 of 1st period - Stopped by Dustin Tokarski with a rebound.
9:28 of 1st period - Wrist shot by Dmitrij Jaskin.
9:28 of 1st period - Stopped by Dustin Tokarski without a rebound.
9:29 of 1st period - William Karlsson wins face-off versus Seth Griffith in Gangsters zone.
9:38 of 1st period - Slapshot by Daniel Carr.
9:38 of 1st period - Shot Misses the Net.
10:27 of 1st period - Snap shot by Devante Smith-Pelly.
10:27 of 1st period - Shot Misses the Net.
10:29 of 1st period - Slapshot by David Pope.
10:29 of 1st period - Stopped by Marek Mazanek without a rebound.
10:30 of 1st period - Alexander Wennberg wins face-off versus Vincent Trocheck in Sewer Rats zone.
10:33 of 1st period - Snap shot by Alexander Wennberg.
10:33 of 1st period - Shot Misses the Net.
11:00 of 1st period - Snap shot by Seth Griffith.
11:00 of 1st period - Stopped by Marek Mazanek with a rebound.
11:06 of 1st period - Wrist shot by Jonathan Huberdeau.
11:06 of 1st period - Shot Misses the Net.
11:18 of 1st period - Daniel Carr is hit by Dave Dziurzynski and loses puck.
11:33 of 1st period - Wrist shot by Devante Smith-Pelly.
11:33 of 1st period - Stopped by Marek Mazanek with a rebound.
11:57 of 1st period - Matt Lashoff is hit by Richard Panik and loses puck.
12:24 of 1st period - Wrist shot by Maxime Sauvé.
12:24 of 1st period - Shot Blocked by Martin Frk.
12:26 of 1st period - Snap shot by Morgan Ellis.
12:26 of 1st period - Stopped by Marek Mazanek without a rebound.
12:27 of 1st period - Alexander Wennberg wins face-off versus Jonathan Marchessault in Sewer Rats zone.
12:30 of 1st period - Wrist shot by Richard Panik.
12:30 of 1st period - Shot Misses the Net.
13:20 of 1st period - Icing by John Ramage.
13:21 of 1st period - William Karlsson wins face-off versus Alexander Wennberg in Sewer Rats zone.
13:21 of 1st period - William Karlsson is hit by Patrik Nemeth.
13:27 of 1st period - Slapshot by William Karlsson.
13:27 of 1st period - Shot Misses the Net.
13:29 of 1st period - Slapshot by John Ramage.
13:29 of 1st period - Shot Misses the Net.
13:37 of 1st period - Slapshot by Dmitrij Jaskin.
13:37 of 1st period - Goal by Dmitrij Jaskin - Gangsters : 0 - Sewer Rats : 1.
13:38 of 1st period - Jonathan Marchessault wins face-off versus Alexander Wennberg in neutral zone.
14:05 of 1st period - Patrik Nemeth is hit by Ville Leino and loses puck.
15:09 of 1st period - Off-side.
15:10 of 1st period - Alexander Wennberg wins face-off versus Jonathan Marchessault in neutral zone.
15:21 of 1st period - Wrist shot by Jonathan Huberdeau.
15:21 of 1st period - Shot Misses the Net.
15:35 of 1st period - Tomas Hertl is hit by Mark Mancari and loses puck.
16:00 of 1st period - Snap shot by Maxime Sauvé.
16:00 of 1st period - Stopped by Marek Mazanek without a rebound.
16:01 of 1st period - Maxime Sauvé wins face-off versus Nick Cousins in Sewer Rats zone.
16:30 of 1st period - Off-side.
16:31 of 1st period - Jonathan Marchessault wins face-off versus Alexander Wennberg in neutral zone.
16:31 of 1st period - Jonathan Marchessault is hit by Dave Dziurzynski.
16:35 of 1st period - Wrist shot by Martin Frk.
16:35 of 1st period - Shot Blocked by Patrik Nemeth.
16:37 of 1st period - Slapshot by Mattias Ekholm.
16:37 of 1st period - Stopped by Dustin Tokarski without a rebound.
16:38 of 1st period - Alexander Wennberg wins face-off versus Jonathan Marchessault in Gangsters zone.
16:50 of 1st period - Icing by Matt Lashoff.
16:51 of 1st period - Jonathan Marchessault wins face-off versus Alexander Wennberg in Sewer Rats zone.
16:51 of 1st period - Jonathan Marchessault is hit by Matt Delahey.
16:52 of 1st period - Jonathan Marchessault from Sewer Rats is injured at 16:52 of 1st period (Sprained Right Knee).
16:53 of 1st period - Vincent Trocheck wins face-off versus Dave Dziurzynski in Sewer Rats zone.
17:18 of 1st period - Jonathan Huberdeau is hit by Patrik Nemeth and loses puck.
18:33 of 1st period - Snap shot by Martin Frk.
18:33 of 1st period - Shot Misses the Net.
19:11 of 1st period - Wrist shot by Nicholas Baptiste.
19:11 of 1st period - Shot Misses the Net.
19:13 of 1st period - Wrist shot by Anthony Duclair.
19:13 of 1st period - Stopped by Dustin Tokarski without a rebound.
19:14 of 1st period - Alexander Wennberg wins face-off versus Daniel Carr in Gangsters zone.
19:39 of 1st period - Mattias Ekholm is hit by Phillip Danault and loses puck.
19:48 of 1st period - Snap shot by Maxime Sauvé.
19:48 of 1st period - Shot Misses the Net.
19:50 of 1st period - Slapshot by Derrick Pouliot.
19:50 of 1st period - Stopped by Marek Mazanek with a rebound.
19:52 of 1st period - Wrist shot by Derrick Pouliot.
19:52 of 1st period - Stopped by Marek Mazanek without a rebound.
19:53 of 1st period - Tomas Hertl wins face-off versus Daniel Carr in Sewer Rats zone.
Goals for this period are 0 for Gangsters vs 1 for Sewer Rats.
Shots for this period are 10 for Gangsters vs 5 for Sewer Rats.
2nd period
0:01 of 2nd period - Daniel Carr wins face-off versus Alexander Wennberg in neutral zone.
0:06 of 2nd period - Snap shot by Jonathan Huberdeau.
0:06 of 2nd period - Shot Misses the Net.
0:08 of 2nd period - Snap shot by Daniel Carr.
0:08 of 2nd period - Goal by Daniel Carr - Gangsters : 0 - Sewer Rats : 2.
0:09 of 2nd period - Vincent Trocheck wins face-off versus Alexander Wennberg in neutral zone.
0:17 of 2nd period - Off-side.
0:18 of 2nd period - Vincent Trocheck wins face-off versus Alexander Wennberg in neutral zone.
0:32 of 2nd period - Off-side.
0:33 of 2nd period - Tomas Hertl wins face-off versus Daniel Carr in neutral zone.
0:36 of 2nd period - Snap shot by Matt Delahey.
0:36 of 2nd period - Shot Hit the Post.
0:38 of 2nd period - Minor Penalty to Jonathan Huberdeau for Hooking.
0:39 of 2nd period - Ville Leino wins face-off versus Alexander Wennberg in Sewer Rats zone.
0:54 of 2nd period - Matt Lashoff is hit by Dave Dziurzynski and loses puck.
1:56 of 2nd period - Icing by Alexander Wennberg.
1:57 of 2nd period - Alexander Wennberg wins face-off versus Ville Leino in Gangsters zone.
2:04 of 2nd period - Matt Lashoff is hit by Richard Panik.
2:34 of 2nd period - Wrist shot by Devante Smith-Pelly.
2:34 of 2nd period - Goal by Devante Smith-Pelly - Gangsters : 1 - Sewer Rats : 2.
2:35 of 2nd period - Tomas Hertl wins face-off versus Daniel Carr in neutral zone.
2:42 of 2nd period - Snap shot by Tomas Hertl.
2:42 of 2nd period - Stopped by Marek Mazanek with a rebound.
2:48 of 2nd period - Slapshot by Mattias Ekholm.
2:48 of 2nd period - Shot Misses the Net.
3:10 of 2nd period - Slapshot by Maxime Sauvé.
3:10 of 2nd period - Shot Blocked by Steven Kampfer.
3:35 of 2nd period - Off-side.
3:36 of 2nd period - Seth Griffith wins face-off versus Daniel Carr in neutral zone.
3:51 of 2nd period - Snap shot by Jonathan Huberdeau.
3:51 of 2nd period - Shot Blocked by Morgan Ellis.
4:01 of 2nd period - Vincent Trocheck is hit by Brett Ponich and loses puck.
4:08 of 2nd period - Dave Dziurzynski is hit by Mark Mancari and loses puck.
4:29 of 2nd period - Icing by John Ramage.
4:30 of 2nd period - Tomas Hertl wins face-off versus William Karlsson in Sewer Rats zone.
4:31 of 2nd period - Snap shot by Devante Smith-Pelly.
4:31 of 2nd period - Stopped by Marek Mazanek with a rebound.
4:57 of 2nd period - Snap shot by Richard Panik.
4:57 of 2nd period - Shot Misses the Net.
4:59 of 2nd period - Slapshot by Derrick Pouliot.
4:59 of 2nd period - Deflect By Jonathan Huberdeau.
4:59 of 2nd period - Stopped by Marek Mazanek with a rebound.
5:01 of 2nd period - Wrist shot by Dave Dziurzynski.
5:01 of 2nd period - Stopped by Marek Mazanek with a rebound.
5:03 of 2nd period - Wrist shot by Dave Dziurzynski.
5:03 of 2nd period - Goal by Dave Dziurzynski - Gangsters : 2 - Sewer Rats : 2.
5:04 of 2nd period - Daniel Carr wins face-off versus Alexander Wennberg in neutral zone.
5:26 of 2nd period - Icing by Matt Delahey.
5:27 of 2nd period - Vincent Trocheck wins face-off versus Dave Dziurzynski in Gangsters zone.
5:30 of 2nd period - Wrist shot by Ville Leino.
5:30 of 2nd period - Stopped by Dustin Tokarski with a rebound.
5:48 of 2nd period - Wrist shot by Dave Dziurzynski.
5:48 of 2nd period - Shot Blocked by Jarred Tinordi.
5:50 of 2nd period - Wrist shot by Richard Panik.
5:50 of 2nd period - Stopped by Marek Mazanek with a rebound.
7:29 of 2nd period - Icing by Richard Panik.
7:30 of 2nd period - Alexander Wennberg wins face-off versus William Karlsson in Gangsters zone.
7:41 of 2nd period - Snap shot by Alexander Wennberg.
7:41 of 2nd period - Shot Blocked by Mattias Ekholm.
7:43 of 2nd period - Slapshot by Patrik Nemeth.
7:43 of 2nd period - Deflect By Matt Lashoff.
7:43 of 2nd period - Stopped by Marek Mazanek without a rebound.
7:44 of 2nd period - Tomas Hertl wins face-off versus Daniel Carr in Sewer Rats zone.
8:35 of 2nd period - Snap shot by Stefan Noesen.
8:35 of 2nd period - Stopped by Marek Mazanek with a rebound.
8:55 of 2nd period - Minor Penalty to Morgan Ellis for Hooking.
8:56 of 2nd period - Daniel Carr wins face-off versus Stefan Noesen in Gangsters zone.
9:03 of 2nd period - Wrist shot by Martin Frk.
9:03 of 2nd period - Shot Misses the Net.
9:05 of 2nd period - Snap shot by Martin Frk.
9:05 of 2nd period - Shot Misses the Net.
9:07 of 2nd period - Snap shot by Jonathan Huberdeau.
9:07 of 2nd period - Stopped by Dustin Tokarski with a rebound.
9:09 of 2nd period - Snap shot by Martin Frk.
9:09 of 2nd period - Shot Blocked by Derrick Pouliot.
9:11 of 2nd period - Slapshot by Mattias Ekholm.
9:11 of 2nd period - Shot Misses the Net.
9:21 of 2nd period - Jonathan Huberdeau is hit by Maxime Sauvé.
10:17 of 2nd period - Daniel Carr is hit by Tomas Hertl.
10:55 of 2nd period - Penalty to Morgan Ellis is over, Morgan Ellis is back on ice.
11:01 of 2nd period - Snap shot by Morgan Ellis.
11:01 of 2nd period - Shot Misses the Net.
11:03 of 2nd period - Snap shot by Morgan Ellis.
11:03 of 2nd period - Stopped by Marek Mazanek without a rebound.
11:04 of 2nd period - Nick Cousins wins face-off versus Alexander Wennberg in Sewer Rats zone.
11:06 of 2nd period - Minor Penalty to Anthony Duclair for High sticking.
11:07 of 2nd period - Alexander Wennberg wins face-off versus Ville Leino in Sewer Rats zone.
11:21 of 2nd period - Slapshot by Patrik Nemeth.
11:21 of 2nd period - Goal by Patrik Nemeth - Gangsters : 3 - Sewer Rats : 2.
11:22 of 2nd period - David Pope wins face-off versus Martin Frk in neutral zone.
11:53 of 2nd period - Steven Kampfer is hit by Richard Panik.
12:15 of 2nd period - Morgan Ellis is hit by Nick Cousins and loses puck.
12:48 of 2nd period - Snap shot by Devante Smith-Pelly.
12:48 of 2nd period - Shot Misses the Net.
12:50 of 2nd period - Snap shot by Devante Smith-Pelly.
12:50 of 2nd period - Stopped by Marek Mazanek with a rebound.
12:52 of 2nd period - Snap shot by Tomas Hertl.
12:52 of 2nd period - Shot Misses the Net.
12:54 of 2nd period - Slapshot by Derrick Pouliot.
12:54 of 2nd period - Stopped by Marek Mazanek with a rebound.
12:56 of 2nd period - Wrist shot by David Pope.
12:56 of 2nd period - Goal by David Pope - Gangsters : 4 - Sewer Rats : 2.
12:57 of 2nd period - William Karlsson wins face-off versus Tomas Hertl in neutral zone.
12:57 of 2nd period - William Karlsson is hit by Devante Smith-Pelly.
13:01 of 2nd period - Snap shot by William Karlsson.
13:01 of 2nd period - Shot Misses the Net.
13:12 of 2nd period - Minor Penalty to Matt Delahey for Kneeing.
13:13 of 2nd period - Richard Panik wins face-off versus Ville Leino in Gangsters zone.
14:57 of 2nd period - William Karlsson is hit by Tomas Hertl and loses puck.
15:08 of 2nd period - Steven Kampfer is hit by Stefan Noesen and loses puck.
15:12 of 2nd period - Penalty to Matt Delahey is over, Matt Delahey is back on ice.
15:23 of 2nd period - Snap shot by Anthony Duclair.
15:23 of 2nd period - Stopped by Dustin Tokarski with a rebound.
15:25 of 2nd period - Slapshot by Nicholas Baptiste.
15:25 of 2nd period - Stopped by Dustin Tokarski with a rebound.
15:27 of 2nd period - Snap shot by Ryan Murphy.
15:27 of 2nd period - Deflect By Nicholas Baptiste.
15:27 of 2nd period - Goal by Nicholas Baptiste - Gangsters : 4 - Sewer Rats : 3.
15:28 of 2nd period - Daniel Carr wins face-off versus Tomas Hertl in neutral zone.
15:42 of 2nd period - Backhand shot by Daniel Carr.
15:42 of 2nd period - Shot Blocked by Tomas Hertl.
15:44 of 2nd period - Snap shot by William Karlsson.
15:44 of 2nd period - Stopped by Dustin Tokarski with a rebound.
15:54 of 2nd period - Jonas Brodin is hit by Vincent Trocheck and loses puck.
16:22 of 2nd period - Backhand shot by Steven Kampfer.
16:22 of 2nd period - Shot Misses the Net.
16:46 of 2nd period - Snap shot by Martin Frk.
16:46 of 2nd period - Stopped by Dustin Tokarski without a rebound.
16:47 of 2nd period - Daniel Carr wins face-off versus Alexander Wennberg in Gangsters zone.
16:55 of 2nd period - Minor Penalty to Patrik Nemeth for Roughing.
16:56 of 2nd period - Maxime Sauvé wins face-off versus Vincent Trocheck in Gangsters zone.
18:07 of 2nd period - Vincent Trocheck is hit by Brett Ponich and loses puck.
18:47 of 2nd period - Snap shot by Dmitrij Jaskin.
18:47 of 2nd period - Deflect By Tomas Hertl.
18:47 of 2nd period - Shot Misses the Net.
18:47 of 2nd period - Puck is out of play.
18:48 of 2nd period - Daniel Carr wins face-off versus Dave Dziurzynski in Gangsters zone.
18:51 of 2nd period - Snap shot by Dmitrij Jaskin.
18:51 of 2nd period - Shot Misses the Net.
18:53 of 2nd period - Slapshot by Jarred Tinordi.
18:53 of 2nd period - Stopped by Dustin Tokarski with a rebound.
18:55 of 2nd period - Penalty to Patrik Nemeth is over, Patrik Nemeth is back on ice.
18:55 of 2nd period - Slapshot by Jarred Tinordi.
18:55 of 2nd period - Stopped by Dustin Tokarski with a rebound.
18:57 of 2nd period - Snap shot by Daniel Carr.
18:57 of 2nd period - Shot Misses the Net.
Goals for this period are 4 for Gangsters vs 2 for Sewer Rats.
Shots for this period are 14 for Gangsters vs 10 for Sewer Rats.
3rd period
0:01 of 3rd period - William Karlsson wins face-off versus Alexander Wennberg in neutral zone.
0:14 of 3rd period - Slapshot by William Karlsson.
0:14 of 3rd period - Shot Misses the Net.
0:16 of 3rd period - Wrist shot by Dmitrij Jaskin.
0:16 of 3rd period - Goal by Dmitrij Jaskin - Gangsters : 4 - Sewer Rats : 4.
0:17 of 3rd period - Daniel Carr wins face-off versus Alexander Wennberg in neutral zone.
0:21 of 3rd period - Minor Penalty to Richard Panik for Boarding.
0:22 of 3rd period - Maxime Sauvé wins face-off versus Vincent Trocheck in Gangsters zone.
0:30 of 3rd period - Snap shot by Maxime Sauvé.
0:30 of 3rd period - Stopped by Marek Mazanek with a rebound.
1:20 of 3rd period - Steven Kampfer is hit by Brett Ponich and loses puck.
1:27 of 3rd period - Phillip Danault is hit by Mark Mancari and loses puck.
2:21 of 3rd period - Penalty to Richard Panik is over, Richard Panik is back on ice.
2:27 of 3rd period - Alexander Wennberg is hit by Dmitrij Jaskin.
2:35 of 3rd period - Snap shot by Richard Panik.
2:35 of 3rd period - Stopped by Marek Mazanek without a rebound.
2:36 of 3rd period - Nick Cousins wins face-off versus Alexander Wennberg in Sewer Rats zone.
2:36 of 3rd period - Nick Cousins is hit by Dave Dziurzynski.
2:48 of 3rd period - Ryan Murphy is hit by Richard Panik.
3:03 of 3rd period - Icing by Derrick Pouliot.
3:04 of 3rd period - Alexander Wennberg wins face-off versus William Karlsson in Gangsters zone.
3:17 of 3rd period - Snap shot by Richard Panik.
3:17 of 3rd period - Deflect By Jonathan Huberdeau.
3:17 of 3rd period - Stopped by Marek Mazanek without a rebound.
3:18 of 3rd period - Tomas Hertl wins face-off versus Vincent Trocheck in Sewer Rats zone.
3:21 of 3rd period - Wrist shot by Tomas Hertl.
3:21 of 3rd period - Deflect By Devante Smith-Pelly.
3:21 of 3rd period - Stopped by Marek Mazanek without a rebound.
3:22 of 3rd period - Vincent Trocheck wins face-off versus Tomas Hertl in Sewer Rats zone.
3:22 of 3rd period - Vincent Trocheck is hit by David Pope.
3:52 of 3rd period - Off-side.
3:53 of 3rd period - Alexander Wennberg wins face-off versus Daniel Carr in neutral zone.
3:59 of 3rd period - Minor Penalty to Morgan Ellis for Hooking.
4:00 of 3rd period - Maxime Sauvé wins face-off versus Vincent Trocheck in Gangsters zone.
4:11 of 3rd period - Slapshot by Mattias Ekholm.
4:11 of 3rd period - Deflect By Ville Leino.
4:11 of 3rd period - Shot Misses the Net.
4:11 of 3rd period - Puck is out of play.
4:12 of 3rd period - Maxime Sauvé wins face-off versus Vincent Trocheck in Gangsters zone.
4:25 of 3rd period - Wrist shot by Mark Mancari.
4:25 of 3rd period - Goal by Mark Mancari - Gangsters : 4 - Sewer Rats : 5.
4:26 of 3rd period - William Karlsson wins face-off versus Alexander Wennberg in neutral zone.
5:43 of 3rd period - Wrist shot by Ville Leino.
5:43 of 3rd period - Shot Misses the Net.
5:45 of 3rd period - Snap shot by Matt Lashoff.
5:45 of 3rd period - Stopped by Dustin Tokarski with a rebound.
5:47 of 3rd period - Wrist shot by Vincent Trocheck.
5:47 of 3rd period - Stopped by Dustin Tokarski with a rebound.
6:38 of 3rd period - Snap shot by Jonathan Huberdeau.
6:38 of 3rd period - Shot Misses the Net.
7:41 of 3rd period - Brett Ponich is hit by Dmitrij Jaskin and loses puck.
7:59 of 3rd period - Icing by Brett Ponich.
8:00 of 3rd period - Vincent Trocheck wins face-off versus Tomas Hertl in Gangsters zone.
8:09 of 3rd period - Wrist shot by Jonathan Huberdeau.
8:09 of 3rd period - Stopped by Dustin Tokarski without a rebound.
8:10 of 3rd period - Daniel Carr wins face-off versus Alexander Wennberg in Gangsters zone.
8:35 of 3rd period - Slapshot by Matt Lashoff.
8:35 of 3rd period - Stopped by Dustin Tokarski without a rebound.
8:36 of 3rd period - Tomas Hertl wins face-off versus Nick Cousins in Gangsters zone.
8:38 of 3rd period - Minor Penalty to Brett Ponich for High sticking.
8:39 of 3rd period - Vincent Trocheck wins face-off versus Richard Panik in Gangsters zone.
8:43 of 3rd period - Snap shot by Ville Leino.
8:43 of 3rd period - Stopped by Dustin Tokarski with a rebound.
8:45 of 3rd period - Snap shot by Mark Mancari.
8:45 of 3rd period - Shot Blocked by Richard Panik.
8:47 of 3rd period - Snap shot by Will Butcher.
8:47 of 3rd period - Shot Blocked by Maxime Sauvé.
8:49 of 3rd period - Snap shot by Mattias Ekholm.
8:49 of 3rd period - Stopped by Dustin Tokarski with a rebound.
8:51 of 3rd period - Slapshot by Will Butcher.
8:51 of 3rd period - Shot Blocked by Maxime Sauvé.
8:55 of 3rd period - Wrist shot by Vincent Trocheck.
8:55 of 3rd period - Shot Misses the Net.
10:09 of 3rd period - Matt Delahey is hit by Steven Kampfer and loses puck.
10:24 of 3rd period - Will Butcher is hit by Phillip Danault and loses puck.
10:30 of 3rd period - Icing by Ville Leino.
10:31 of 3rd period - Maxime Sauvé wins face-off versus Vincent Trocheck in Sewer Rats zone.
10:38 of 3rd period - Penalty to Brett Ponich is over, Brett Ponich is back on ice.
11:12 of 3rd period - Snap shot by Nick Cousins.
11:12 of 3rd period - Shot Misses the Net.
11:14 of 3rd period - Snap shot by Nick Cousins.
11:14 of 3rd period - Stopped by Dustin Tokarski without a rebound.
11:15 of 3rd period - Tomas Hertl wins face-off versus Nick Cousins in Gangsters zone.
11:22 of 3rd period - Patrik Nemeth is hit by Anthony Duclair and loses puck.
11:55 of 3rd period - Snap shot by Nick Cousins.
11:55 of 3rd period - Deflect By Tomas Hertl.
11:55 of 3rd period - Shot Blocked by Matt Delahey.
11:55 of 3rd period - Puck is out of play.
11:56 of 3rd period - Alexander Wennberg wins face-off versus Vincent Trocheck in Gangsters zone.
12:22 of 3rd period - Matt Lashoff is hit by Seth Griffith.
13:25 of 3rd period - Brett Ponich is hit by Mark Mancari and loses puck.
14:05 of 3rd period - Snap shot by Tomas Hertl.
14:05 of 3rd period - Shot Misses the Net.
14:13 of 3rd period - Slapshot by Devante Smith-Pelly.
14:13 of 3rd period - Shot Misses the Net.
14:15 of 3rd period - Slapshot by Matt Delahey.
14:15 of 3rd period - Stopped by Marek Mazanek with a rebound.
14:17 of 3rd period - Slapshot by Patrik Nemeth.
14:17 of 3rd period - Stopped by Marek Mazanek with a rebound.
14:19 of 3rd period - Snap shot by Tomas Hertl.
14:19 of 3rd period - Stopped by Marek Mazanek with a rebound.
14:21 of 3rd period - Wrist shot by David Pope.
14:21 of 3rd period - Deflect By Tomas Hertl.
14:21 of 3rd period - Stopped by Marek Mazanek without a rebound.
14:22 of 3rd period - Alexander Wennberg wins face-off versus Vincent Trocheck in Sewer Rats zone.
15:13 of 3rd period - Minor Penalty to Jarred Tinordi for Hooking.
15:14 of 3rd period - Ville Leino wins face-off versus Alexander Wennberg in Sewer Rats zone.
15:14 of 3rd period - Ville Leino is hit by Brett Ponich.
16:01 of 3rd period - Icing by Tomas Hertl.
16:02 of 3rd period - David Pope wins face-off versus Ville Leino in Gangsters zone.
17:13 of 3rd period - Penalty to Jarred Tinordi is over, Jarred Tinordi is back on ice.
17:18 of 3rd period - Jarred Tinordi is hit by Patrik Nemeth and loses puck.
18:13 of 3rd period - Slapshot by Vincent Trocheck.
18:13 of 3rd period - Shot Misses the Net.
18:17 of 3rd period - Slapshot by Jonathan Huberdeau.
18:17 of 3rd period - Stopped by Dustin Tokarski with a rebound.
18:21 of 3rd period - Snap shot by Jarred Tinordi.
18:21 of 3rd period - Stopped by Dustin Tokarski with a rebound.
18:45 of 3rd period - Gangsters, Dustin Tokarski is pulled from the net.
18:45 of 3rd period - Snap shot by Devante Smith-Pelly.
18:45 of 3rd period - Shot Misses the Net.
18:47 of 3rd period - Wrist shot by David Pope.
18:47 of 3rd period - Shot Misses the Net.
18:49 of 3rd period - Slapshot by David Pope.
18:49 of 3rd period - Stopped by Marek Mazanek without a rebound.
18:50 of 3rd period - Jack Capuano call a timeout for Gangsters.
18:50 of 3rd period - Mark Mancari wins face-off versus Maxime Sauvé in Sewer Rats zone.
18:50 of 3rd period - Mark Mancari is hit by Maxime Sauvé.
19:16 of 3rd period - Snap shot by Richard Panik.
19:16 of 3rd period - Deflect By Dave Dziurzynski.
19:16 of 3rd period - Stopped by Marek Mazanek without a rebound.
19:17 of 3rd period - Daniel Carr wins face-off versus Maxime Sauvé in Sewer Rats zone.
19:30 of 3rd period - Snap shot by Maxime Sauvé.
19:30 of 3rd period - Deflect By Dave Dziurzynski.
19:30 of 3rd period - Shot Misses the Net.
19:30 of 3rd period - Puck is out of play.
19:31 of 3rd period - Maxime Sauvé wins face-off versus Mark Mancari in Sewer Rats zone.
19:57 of 3rd period - Maxime Sauvé is hit by Ville Leino and loses puck.
Goals for this period are 0 for Gangsters vs 2 for Sewer Rats.
Shots for this period are 10 for Gangsters vs 11 for Sewer Rats.
Back to the Top